Unix NetHack Version 3.7.0-101 Work-in-progress - last build Mar 4 2024 02:26:32 (3c4ac04b664b9ee0831c739617f054b5b60dbfd1,branch:master). Game began 2024-03-24 16:11:26, ended 2024-03-24 16:21:25. tromix, lawful male human Priest -- .-- ..--- ...0 *... -.... -- |... --.----..- ---*.......-- --...........-- |........<....| |.............-- -- |....-.s@...| ---........-- |......%.- -......... .........- |.........| ----......| |..--.-- ---- -- Tromix the Acolyte St:11 Dx:14 Co:13 In:10 Wi:18 Ch:9 Lawful Dlvl:7 $:40 HP:0(32) Pw:55(55) AC:5 Xp:4 T:2083 Latest messages: With great effort you move the boulder. A trap door in the ceiling opens and a rock falls on your head! Fortunately, you are wearing a hard helmet. t - 7 darts (at the ready) (17 in total). You kill the brown mold! Where do you want to travel to? (For instructions type a '?') You descend the stairs. You hear a distant zap. The gnome wields a crossbow! The gnome shoots 2 crossbow bolts! You are hit by the 1st crossbow bolt! You are hit by the 2nd crossbow bolt. Wait! There's something there you can't see! You kill it! H - a forked wand. What do you want to call? [i-mp-sv-xzAC-EH or ?*] H Call a forked wand: make invisibile The gnome shoots 2 crossbow bolts! The 1st crossbow bolt misses you. The 2nd crossbow bolt misses you. The gnome shoots 2 crossbow bolts! The 1st crossbow bolt hits the gnome. The 2nd crossbow bolt misses the gnome. The 2nd crossbow bolt misses you. The gnome shoots 2 crossbow bolts! You are hit by the 1st crossbow bolt! The 2nd crossbow bolt misses you. You see here a blindfold. I - a blindfold. The gnome picks up 2 crossbow bolts. Suddenly, the gnome disappears out of sight. The gnome lord shoots 2 arrows! The 1st arrow misses you. The 2nd arrow misses you. The gnome shoots 2 crossbow bolts! You are hit by the 1st crossbow bolt! The 2nd crossbow bolt misses you. You can't go up here. You descend the stairs. You see here a scroll labeled GNIK SISI VLE. The giant spider bites! J - a scroll labeled GNIK SISI VLE. The giant spider bites! You hit the giant spider! The giant spider bites! You miss the giant spider. The giant spider bites! You die... Do you want your possessions identified? [ynq] (y) q Inventory: Coins $ - 40 gold pieces Weapons t - 17 +0 darts (at the ready) a - a blessed +1 mace (weapon in right hand) Armor p - a +0 orcish helm (being worn) v - a +0 pair of low boots (being worn) c - a +0 small shield (being worn) b - a +0 robe (being worn) Comestibles e - a clove of garlic y - 2 food rations u - a cursed food ration B - an orange f - a sprig of wolfsbane Scrolls z - a scroll of enchant armor J - a scroll of fire A - a scroll of light q - a scroll of teleportation j - a cursed scroll of teleportation named tele? Spellbooks E - a spellbook of cause fear g - a spellbook of detect monsters h - a spellbook of healing Potions k - 2 potions of extra healing s - 2 cursed potions of healing C - a potion of restore ability d - 4 potions of holy water Wands H - a wand of make invisible (0:6) F - a wand of polymorph (0:5) m - a wand of slow monster (0:3) w - a wand of teleportation (0:4) Tools I - a blindfold G - a magic marker (0:93) Gems/Stones l - a garnet stone x - 2 worthless pieces of green glass r - a worthless piece of yellow glass i - a cursed worthless piece of yellow glass D - 3 worthless pieces of yellowish brown glass Tromix the Priest's attributes: Background: You were an Acolyte, a level 4 human Priest. You were lawful, on a mission for Mitra who was opposed by Crom (neutral) and Set (chaotic). You were right-handed. You were in the Gnomish Mines, on level 7. You entered the dungeon 2083 turns ago. There was a full moon in effect when your adventure ended. You had 127 experience points, 33 more were needed to attain level 5. Basics: You had 0 out of 32 hit points. You had all 55 energy points (spell power). Your armor class was 5. Your wallet contained 40 zorkmids. Autopickup was off. Final Characteristics: Your strength was 11 (limit:18/100). Your dexterity was 14 (limit:18). Your constitution was 13 (limit:18). Your intelligence was 10 (limit:18). Your wisdom was 18 (limit:18). Your charisma was 9 (limit:18). Final Status: You weren't hungry. You were unencumbered. You were wielding a mace. You had basic skill with mace. Final Attributes: You were devoutly aligned. You were guarded. You were lucky. You are dead. Miscellaneous: You disabled loading of bones levels. Total elapsed playing time was 9 minutes and 59 seconds. Major events: Turn 1: tromix the lawful human Priest entered the dungeon 1190: attained the rank of Acolyte (level 3) 1518: entered the Gnomish Mines 2083: killed by a giant spider Vanquished creatures: 2 iguanas a coyote a brown mold a yellow mold 8 gnomes 4 geckos 5 jackals a fox 4 goblins 2 sewer rats 5 grid bugs 2 lichens a kobold zombie 4 newts 41 creatures vanquished. No species were genocided or became extinct. Voluntary challenges: You read items or engraved 3 times. You never engraved Elbereth. You never genocided any monsters. You never polymorphed an object. You never changed form. You used no wishes. Achievements: You attained the rank of Acolyte. You entered the Gnomish Mines. The Dungeons of Doom: levels 1 to 5 Level 1: Level 2: An altar to Mitra, a fountain. Level 3: Some fountains. Level 4: A sink. Stairs down to The Gnomish Mines. Level 5: The Gnomish Mines: levels 5 to 7 Level 5: Level 6: Level 7: <- You were here. Final resting place for you, killed by a giant spider. Game over: ---------- / \ / REST \ / IN \ / PEACE \ / \ | tromix | | 40 Au | | killed by a | | giant spider | | | | | | 2024 | *| * * * | * _________)/\\_//(\/(/\)/\//\/|_)_______ Goodbye tromix the Priest... You died in The Gnomish Mines on dungeon level 7 with 844 points, and 40 pieces of gold, after 2083 moves. You were level 4 with a maximum of 32 hit points when you died.